 Dungeon Crawl Stone Soup version 0.26-a0-812-g31a745ddcd (webtiles) character file.

Game seed: 16423054521906950030

2480 sAilorEric the Covert (level 9, -2/62 HPs)
             Began as a Vampire Enchanter on Nov 25, 2020.
             Was an Initiate of Gozag.
             Slain by a cyclops (14 damage)
             ... on level 8 of the Dungeon on Nov 26, 2020.
             The game lasted 00:25:37 (7091 turns).

sAilorEric the Covert (Vampire Enchanter)           Turns: 7091, Time: 00:25:38

Health: -2/62      AC:  8    Str: 13    XL:     9   Next: 27%
Magic:  11/15      EV: 17    Int: 18    God:    Gozag
Gold:   1063       SH:  5    Dex: 17    Spells: 6/16 levels left

rFire    . . .     SeeInvis +   a - +0 short sword (drain)
rCold    + + .     Faith    .   (no shield)
rNeg     . . .     Spirit   .   n - +2 robe {rC+}
rPois    .         Reflect  +   (no helmet)
rElec    .         Harm     .   s - +2 cloak {rCorr}
rCorr    +         Rampage  .   u - +0 pair of gloves
MR       .....                  (no boots)
Stlth    +++++.....             p - amulet of reflection
HPRegen  0.40/turn              o - ring of protection from cold
MPRegen  0.14/turn              y - +6 ring of strength

@: regenerating quickly
A: fangs 3, see invisible, unbreathing
a: Exsanguinate, Potion Petition, Call Merchant, Bribe Branch, Renounce Religion


You were on level 8 of the Dungeon.
You worshipped Gozag.
Gozag was most pleased with you.
You visited 2 branches of the dungeon, and saw 9 of its levels.
You also visited: Ossuary.

You collected 1124 gold pieces.
You paid 61 gold pieces to Gozag.

Inventory:

Hand Weapons
 a - a +0 short sword of draining (weapon)
 b - a +0 hunting sling
Missiles
 i - 54 sling bullets (quivered)
Armour
 n - a +2 robe of cold resistance (worn)
 s - a +2 cloak of preservation (worn)
 u - a +0 pair of gloves (worn)
 L - a +0 helmet of see invisible
Jewellery
 k - an uncursed ring of poison resistance
 o - a ring of protection from cold (left hand)
 p - an amulet of reflection (around neck)
 y - a +6 ring of strength (right hand)
 z - an uncursed ring of positive energy {unknown}
 B - an uncursed ring of resist corrosion {unknown}
 K - an uncursed amulet of regeneration {unknown}
Wands
 v - a wand of polymorph (5)
 A - a wand of random effects (23)
 C - a wand of enslavement (11)
 H - a wand of paralysis (11)
 M - a wand of flame (18)
Scrolls
 c - 4 scrolls of magic mapping {unknown}
 d - 4 scrolls of teleportation {unknown}
 g - 3 scrolls of noise {unknown}
 h - 2 scrolls of remove curse {unknown}
 m - 8 scrolls of identify {unknown}
 w - a scroll of random uselessness {unknown}
 D - 2 scrolls of fog {unknown}
 F - a scroll of immolation {unknown}
 I - a scroll of enchant armour {unknown}
 J - 2 scrolls of amnesia {unknown}
Potions
 e - 4 potions of degeneration {unknown}
 f - a potion of haste {unknown}
 j - a potion of lignification {unknown}
 l - 5 potions of brilliance {unknown}
 q - 4 potions of attraction {unknown}
 r - 2 potions of flight {unknown}
 t - a potion of cancellation {unknown}
 x - a potion of might {unknown}
 E - a potion of invisibility {unknown}
 G - 4 potions of curing {unknown}


   Skills:
 + Level 2.7 Fighting
 + Level 7.1 Short Blades
 + Level 6.7 Dodging
 + Level 10.0 Stealth
 - Level 4.3 Spellcasting
 - Level 7.3 Hexes


You had 6 spell levels left.
You knew the following spells:

 Your Spells              Type           Power        Failure   Level
a - Corona                Hex            ####...      1%          1
b - Confusing Touch       Hex            ####....     1%          3
c - Tukima's Dance        Hex            ####....     1%          3
d - Dazzling Flash        Conj/Hex       ###...       10%         3

Your spell library contained the following spells:

 Spells                   Type           Power        Failure   Level
 Ensorcelled Hibernation  Hex/Ice        ###...       4%          2


Dungeon Overview and Level Annotations

Branches:
Dungeon (8/15)             Temple (1/1) D:4         Ossuary (visited)
   Lair: D:8-11

Altars:
Ashenzari
Cheibriados
Elyvilon
Fedhas
Gozag
Kikubaaqudgha
Makhleb
Nemelex Xobeh
Okawaru
Qazlal
Ru
Sif Muna
Trog
Uskayaw
Vehumet
Wu Jian
Xom
Yredelemnul
Zin
The Shining One

Annotations:
D:7 2 transporters, MoonlitKnight's ghost, novice MfGl


Innate Abilities, Weirdness & Mutations

Your natural rate of healing is unusually fast.
You have razor-sharp teeth.
You have supernaturally acute eyesight. (SInv)
You can survive without breathing.


Message History

The cyclops is moderately wounded.
The bullfrog barely misses you. The cyclops hits you!
* * * LOW HITPOINT WARNING * * *
The bullfrog hits you.
* * * LOW HITPOINT WARNING * * *
You hit the cyclops but do no damage. You drain the cyclops.
You bite the cyclops.
The cyclops is heavily wounded.
The bullfrog completely misses you.
You hit the cyclops.
The cyclops is heavily wounded.
You block the cyclops's attack. The bullfrog closely misses you.
You hit the cyclops.
The cyclops is heavily wounded.
The bullfrog barely misses you.
You hit the cyclops. You drain the cyclops.
The cyclops is severely wounded.
The bullfrog misses you. The cyclops hits you!
You die...
Your body crumbles into a pile of gold.

.## ## ... (## #(#
..## ##..###...#
#.....C...#
#........# ###$###
##@F...## #..C....#
#########.)$....#.
..........(........
#########.#...##...
#...### ####
##########.#######
#.................
#............#####


You could see a cyclops (drained, corona) and a bullfrog.

Vanquished Creatures
  A two-headed ogre (D:8)
  2 orc warriors
  A sky beast (D:6)
  An eye of draining (D:8)
  An ice beast (D:6)
  2 phantoms (D:6)
  3 ogres
  A centaur (D:6)
  A big kobold (D:7)
  2 bullfrogs
  A scorpion (D:5)
  A howler monkey (D:6)
  An orc priest (D:7)
  A centaur zombie (D:7)
  A bullfrog skeleton (D:6)
  3 hounds
  Crazy Yiuf (D:2)
  3 orc wizards
  2 worker ants
  6 big kobold zombies (Ossuary)
  A hound zombie (D:6)
  A mummy (Ossuary)
  Robin (D:3)
  3 gnolls (D:3)
  4 adders
  4 white imps
  3 worms
  4 leopard geckos
  6 orcs
  A spectral bat (Ossuary)
  9 bats
  5 giant cockroaches
  6 gnoll zombies (Ossuary)
  8 hobgoblins
  15 jackals
  11 kobolds
  2 quokkas
  2 ball pythons
  A ball python skeleton (D:4)
  A bat simulacrum (Ossuary)
  11 frilled lizards
  17 goblins
  4 goblin simulacra (Ossuary)
  3 goblin zombies (Ossuary)
  4 hobgoblin zombies (Ossuary)
  8 kobold zombies (Ossuary)
  A leopard gecko zombie (D:7)
  3 orc zombies (Ossuary)
  8 rats
  4 rat simulacra (Ossuary)
  A spectral goblin (Ossuary)
  5 spectral kobolds (Ossuary)
  A spectral orc (D:5)
  4 spectral rats (Ossuary)
197 creatures vanquished.

Vanquished Creatures (collateral kills)
  An ogre (D:5)
  Terence (D:3)
  A rat (D:3)
3 creatures vanquished.

Vanquished Creatures (others)
  A dancing weapon (D:3)
1 creature vanquished.

Grand Total: 201 creatures vanquished

Notes
Turn   | Place    | Note
-------+----------+-------------------------------------------
     0 | D:1      | sAilorEric the Vampire Enchanter began the quest for the
                  | Orb.
     0 | D:1      | Reached XP level 1. HP: 13/13 MP: 3/3
   179 | D:1      | Reached XP level 2. HP: 10/19 MP: 0/5
   754 | D:1      | Reached XP level 3. HP: 22/24 MP: 6/6
  1548 | D:2      | Reached skill level 5 in Stealth
  1625 | D:2      | Learned a level 3 spell: Confusing Touch
  1697 | D:2      | HP: 1/24 [worm (7)]
  1701 | D:2      | Reached XP level 4. HP: 3/30 MP: 3/7
  2074 | D:2      | Found a stormy altar of Qazlal.
  2075 | D:2      | Noticed an earth elemental
  2143 | D:2      | Noticed a fire elemental
  2174 | D:2      | Noticed a water elemental
  2177 | D:2      | Noticed an air elemental
  2220 | D:2      | Found a runed translucent door.
  2221 | D:2      | Noticed Crazy Yiuf
  2564 | D:2      | Killed Crazy Yiuf
  2702 | D:3      | Reached XP level 5. HP: 35/35 MP: 8/8
  2707 | D:3      | Learned a level 3 spell: Tukima's Dance
  2754 | D:3      | Noticed Robin
  2756 | D:3      | Noticed Terence
  2788 | D:3      | Killed Robin
  2883 | D:3      | Killed Terence
  3037 | D:3      | Found a sparkling altar of Nemelex Xobeh.
  3307 | D:3      | Reached skill level 6 in Stealth
  3488 | D:4      | Reached XP level 6. HP: 41/41 MP: 9/9
  3803 | D:4      | Found a staircase to the Ecumenical Temple.
  3810 | Temple   | Entered the Ecumenical Temple
  3874 | Temple   | Became a worshipper of Gozag Ym Sagoz the Greedy
  3910 | D:5      | Entered Level 5 of the Dungeon
  3929 | D:5      | Reached skill level 5 in Hexes
  4031 | D:5      | Found a glowing golden altar of the Shining One.
  4037 | D:5      | Found a shimmering altar of Xom.
  4040 | D:5      | Found a bloodstained altar of Trog.
  4041 | D:5      | Found an ornate altar of the Wu Jian Council.
  4209 | D:5      | Reached XP level 7. HP: 46/46 MP: 8/11
  4221 | D:5      | Reached skill level 5 in Short Blades
  4221 | D:5      | Reached skill level 7 in Stealth
  4292 | D:5      | Found a snail-covered altar of Cheibriados.
  4320 | D:5      | Found a sand-covered staircase.
  4325 | Ossuary  | Entered an ossuary
  4790 | Ossuary  | Learned a level 3 spell: Dazzling Flash
  5029 | D:5      | Found a basalt altar of Yredelemnul.
  5459 | D:6      | Reached skill level 5 in Dodging
  5496 | D:6      | Reached XP level 8. HP: 52/52 MP: 13/13
  5724 | D:6      | Reached skill level 8 in Stealth
  5973 | D:6      | Found a sacrificial altar of Ru.
  6294 | D:7      | Reached skill level 1 in Fighting
  6294 | D:7      | Reached skill level 9 in Stealth
  6361 | D:7      | Found a transporter.
  6363 | D:7      | Found a transporter.
  6364 | D:7      | Noticed MoonlitKnight's ghost (novice MfGl)
  6454 | D:7      | Found a glowing silver altar of Zin.
  6905 | D:8      | Noticed a two-headed ogre
  6923 | D:8      | Killed a two-headed ogre
  6923 | D:8      | Reached XP level 9. HP: 22/62 MP: 3/15
  7046 | D:8      | Reached skill level 10 in Stealth
  7063 | D:8      | Noticed a cyclops
  7091 | D:8      | Slain by a cyclops

Illustrated notes

Levels and vault maps discovered:
D:1:      dpeg_arrival_boxes_within_box, layout_basic
D:2:      minmay_alternating_diamond, layout_loops_corners,
          nicolae_qazlal_style_of_elements, minivault_27,
          uniq_crazy_yiuf_cottage
D:3:      layout_basic, nemelex_xobeh_ov_fountains_minmay, uniq_terence,
          uniq_robin
D:4:      layout_basic, riverfiend_overflow_shadow_ancestor,
          minmay_temple_entry_fiery, serial_glass, glass_columns_a,
          glass_columns_a, corner_web_ring
D:5:      layout_cave_pools, cheibriados_altar_1,
          yredelemnul_forgotten_temple_becter, minitemple,
          nicolae_ossuary_entry_false_entrances
D:6:      layout_cave_pools, nicolae_ru_the_path_less_chosen, kennysheep_potato
D:7:      layout_basic, lemuel_round_altar, gammafunk_ghost_smash
D:8:      minmay_curly_fans, layout_basic
Temple:   zaba_magenta_temple

Skill      XL: |  1  2  3  4  5  6  7  8  9 |
---------------+----------------------------+-----
Short Blades   | 2 3 4 5 7 |  7.1
Stealth        | 5 6 7 9 10 | 10.0
Dodging        | 3 4 5 6 |  6.7
Hexes          | 5 6 7 |  7.3
Spellcasting   | 3 4 |  4.3
Fighting       | 2 |  2.7

Action                   |  1- 3 |  4- 6 |  7- 9 || total
-------------------------+-------+-------+-------++-------
Melee: Dagger            |   185 |   182 |       ||   367
       Bite              |    15 |    25 |    59 ||    99
       Short sword       |       |    95 |   487 ||   582
 Fire: Hunting sling     |    13 |     1 |     5 ||    19
 Cast: Corona            |     9 |       |     5 ||    14
       Confusing Touch   |     3 |     6 |    11 ||    20
       Tukima's Dance    |       |     3 |     7 ||    10
 Stab: Sleeping          |     8 |     7 |    22 ||    37
       Confused          |     2 |     2 |     6 ||    10
Armor: Robe              |    37 |    61 |    70 ||   168
Dodge: Dodged            |   104 |   145 |   266 ||   515
Block: Other             |       |    10 |    79 ||    89
       Reflection        |       |       |     3 ||     3

Table legend: (Time is in decaauts)
 A = Elapsed time spent in this place.
 B = Non-inter-level travel time spent in this place.
 C = Inter-level travel time spent in this place.
 D = Time resting spent in this place.
 E = Time spent auto-exploring this place.
 F = Levels seen in this place.
 G = Mean time per level.
                   A        B        C        D        E       F      G
               +--------+--------+--------+--------+--------+-----+--------+
         Total |   6922 |   6720 |    202 |    156 |   4691 |  10 |  692.2 |
       Dungeon |   6265 |   6082 |    183 |    153 |   4363 |   8 |  783.1 |
        Temple |     77 |     58 |     19 |      0 |     57 |   1 |   77.0 |
       Ossuary |    579 |    579 |      0 |      3 |    271 |   1 |  579.0 |
               +--------+--------+--------+--------+--------+-----+--------+

Top non-repeatable levels by time:
     D:2: 1419 daAuts
     D:1: 1184 daAuts
     D:6: 896 daAuts
     D:3: 803 daAuts
     D:5: 788 daAuts
     D:7: 644 daAuts
 Ossuary: 579 daAuts
     D:4: 352 daAuts
     D:8: 176 daAuts
  Temple: 77 daAuts
